 Dungeon Crawl Stone Soup version 0.19-b1-3-g7dea586 (webtiles) character file.

10070 tv1990 the Cleaver (level 11, 0/90 HPs)
             Began as a Formicid Monk on Oct 28, 2016.
             Was an Elder of Okawaru.
             Impaled on a porcupine's spines (13 damage)
             ... on level 3 of the Lair of Beasts.
             The game lasted 00:40:31 (9660 turns).

tv1990 the Cleaver (Formicid Monk)                  Turns: 9660, Time: 00:40:32

Health: 0/90       AC: 16    Str: 14    XL:     11   Next: 86%
Magic:  16/16      EV: 21    Int: 10    God:    Okawaru [****..]
Gold:   654        SH:  0    Dex: 16    Spells: 1 memorised, 8 levels left

rFire  . . .     SeeInvis +     h - +4 battleaxe
rCold  . . .     Gourm    .     B - +4 ring mail
rNeg   . . .     Faith    .     (no shield)
rPois  +         Spirit   .     (helmet unavailable)
rElec  .         Reflect  .     (no cloak)
rCorr  .         Harm     .     k - +1 pair of gloves
MR     +....                    (no boots)
Stlth  +++.......               (no amulet)
                                v - +3 ring of evasion
                                z - ring of poison resistance

@: heroism
A: permanent stasis, dig shafts and tunnels, four strong arms, antennae 3,
iridescent scales 1, low mp 1, weak 1
a: Dig, Shaft Self, Heroism, Renounce Religion


You were on level 3 of the Lair of Beasts.
You worshipped Okawaru.
Okawaru was greatly pleased with you.
You were very hungry.

You visited 2 branches of the dungeon, and saw 11 of its levels.
You also visited: Sewer and Ossuary.

You collected 654 gold pieces.

Inventory:

Hand Weapons
 h - a +4 battleaxe (weapon)
 p - a +2 mace
 t - a +0 arbalest
 C - a cursed +4 hand axe
Missiles
 u - 23 bolts
 E - 3 poisoned javelins (quivered)
Armour
 k - a +1 pair of gloves (worn)
 B - a +4 ring mail (worn)
Jewellery
 v - a +3 ring of evasion (right hand)
 z - a ring of poison resistance (left hand)
 J - an uncursed ring of protection from magic
Wands
 d - a wand of iceblast (0/15)
 f - a wand of flame (27/48)
 j - a wand of slowing (17/48)
 r - a wand of iceblast (10/15)
 y - a wand of confusion (47/48)
Scrolls
 g - 2 scrolls of remove curse
 m - a scroll of enchant armour
 s - 4 scrolls of amnesia
 w - 3 scrolls of immolation
 A - 5 scrolls of recharging
 D - a scroll of noise
 F - 3 scrolls of fog
 H - a scroll of fear
Potions
 b - 2 potions of curing
 e - 2 potions of brilliance
 l - a potion of cure mutation
 q - 3 potions of resistance
 G - a potion of invisibility
 I - a potion of cancellation
Comestibles
 a - 5 chunks of flesh
 c - 10 bread rations
 i - 6 meat rations
 o - 10 beef jerkies


   Skills:
 - Level 10.1(15.1) Fighting
 - Level 12.4(17.4) Axes
 + Level 6.0(11.0) Armour
 + Level 5.7(10.7) Dodging
 - Level 2.4(7.4) Stealth
 - Level 9.7 Invocations


You had 8 spell levels left.
You knew the following spells:

 Your Spells              Type           Power        Failure   Level  Hunger
a - Repel Missiles        Chrm/Air       #.....       88%         2    ###....


Dungeon Overview and Level Annotations

Branches:
Dungeon (8/15)             Temple (0/1) D:7            Lair (3/6) D:8
  Snake (0/4) Lair:2
  Swamp: Lair:2-4    Shoals: Lair:2-4

Altars:
Dithmenos
Hepliaklqana
Kikubaaqudgha
Makhleb
Nemelex Xobeh
Okawaru
Qazlal
Trog
Uskayaw
Vehumet

Shops:
D:6 %

Annotations:
Lair:1 Gastronok


Innate Abilities, Weirdness & Mutations

You are under a permanent stasis effect.
You can dig through walls and to a lower floor.
Your four strong arms can wield two-handed weapons with a shield.
You have a pair of large antennae on your head. (SInv)
You are partially covered in iridescent scales. (AC +2)
Your magical capacity is low. (-10% MP)
You are weak. (Str -2)


Message History

You butcher the wyvern corpse.
Items here: % ÷÷ † 4 chunks of flesh; a wyvern skeleton; a yak corpse; a yak skeleton You butcher the yak corpse.
Items here: %% ÷÷ 4 chunks of flesh; a wyvern skeleton; 6 chunks of flesh; a yak skeleton There isn't anything to butcher here.
There isn't anything to butcher here.
There isn't anything to butcher here.
Found a metal-bound book.
There is a stone staircase leading down here.
A porcupine comes into view.
The porcupine closely misses you.
You are struck by the porcupine's spines.
* * * LOW HITPOINT WARNING * * *
You hit the porcupine.
The porcupine is moderately wounded.
The porcupine barely misses you.
You are struck by the porcupine's spines.
You die...

...#.........#.#.#
###..###............# ##..P
#P......#.##.# ...##
##.....#####.##
....####P...#...# ##.####
....#.###...#...# ##..PP#.#
.#....###...##..###......##
.........####.##..........#
.........#######@...#....##
%###.##..P##..P#r.........#
#.####.....>..............#
..###.......................
.#.##..##........##.....#.##.
......##.......####....####
.......#..###.## ##...#
..###....## ##.### ...# ..
##.....# #....#......


You could see a porcupine.

Vanquished Creatures
  2 black mambas
  4 spiny frogs
  The ghost of slayr the Slasher, an amateur DrBe of Trog (D:3)
  5 blink frogs (Lair:2)
  A wyvern (Lair:3)
  5 yaks (Lair:3)
  A hungry ghost (D:8)
  Menkaure (D:6)
  7 nagas (Lair:2)
  3 water moccasins
  An ice beast (D:5)
  A sky beast (D:7)
  2 black bears
  3 ogres
  A centaur (D:6)
  4 crocodiles (Lair:2)
  5 bullfrogs
  A big kobold (Sewer)
  4 wights (D:8)
  2 electric eels (Lair:2)
  A lava snake (Lair:2)
  2 crimson imps
  3 bullfrog zombies
  A jelly (D:7)
  A centaur skeleton (D:5)
  2 hounds
  A bullfrog skeleton (D:8)
  3 orc priests
  3 iguanas
  6 orc wizards
  3 worker ants
  A killer bee zombie (D:8)
  8 mummies (Ossuary)
  8 gnolls
  4 river rats
  11 adders
  A shadow imp (D:7)
  An ooze (D:3)
  An adder zombie (D:6)
  2 worms
  7 leopard geckos
  12 orcs
  A giant cockroach (D:1)
  2 gnoll zombies (Ossuary)
  6 goblins
  7 hobgoblins
  18 jackals
  3 quokkas
  4 ball pythons
  A ball python skeleton (D:5)
  14 bats
  2 frilled lizards
  A hobgoblin zombie (Ossuary)
  A jackal skeleton (D:6)
  13 kobolds
  4 kobold zombies (Ossuary)
  A leopard gecko skeleton (D:7)
  An orc zombie (Ossuary)
  10 rats
  A fungus (Lair:2)
226 creatures vanquished.

Vanquished Creatures (others)
  2 fungi (Lair:2)
  A plant (Lair:2)
3 creatures vanquished.

Grand Total: 229 creatures vanquished

Notes
Turn   | Place    | Note
-------+----------+-------------------------------------------
     0 | D:1      | tv1990 the Formicid Monk began the quest for the Orb.
     0 | D:1      | Reached XP level 1. HP: 18/18 MP: 1/1
    86 | D:1      | Reached XP level 2. HP: 7/24 MP: 2/2
   376 | D:1      | Reached skill level 4 in Axes
   376 | D:1      | Reached XP level 3. HP: 24/29 MP: 3/3
  1215 | D:2      | Reached XP level 4. HP: 33/35 MP: 4/4
  1258 | D:2      | Reached skill level 5 in Axes
  1301 | D:2      | Found a faded altar of an unknown god.
  1583 | D:3      | Reached XP level 5. HP: 41/41 MP: 5/5
  1703 | D:3      | Reached skill level 6 in Axes
  1707 | D:3      | Reached XP level 6. HP: 43/47 MP: 6/6
  1828 | D:3      | Noticed slayr's ghost (amateur DrBe)
  1844 | D:3      | Killed slayr's ghost
  1844 | D:3      | Reached skill level 7 in Axes
  1844 | D:3      | Reached XP level 7. HP: 52/52 MP: 7/7
  2131 | D:3      | Reached skill level 8 in Axes
  2338 | D:4      | Found an iron altar of Okawaru.
  2346 | D:4      | Became a worshipper of Warmaster Okawaru
  2346 | D:4      | Reached * piety under Okawaru
  2346 | D:4      | Reached ** piety under Okawaru
  2671 | D:4      | Learned a level 2 spell: Repel Missiles
  2748 | D:5      | Entered Level 5 of the Dungeon
  2880 | D:5      | Found a shadowy altar of Dithmenos.
  2960 | D:5      | Reached XP level 8. HP: 20/58 MP: 8/8
  3284 | D:5      | Found a glowing drain.
  3288 | Sewer    | Entered a sewer
  3322 | Sewer    | Reached skill level 9 in Axes
  3758 | D:5      | Found a stormy altar of Qazlal.
  3758 | D:5      | Found an ancient bone altar of Kikubaaqudgha.
  3758 | D:5      | Found a burning altar of Makhleb.
  3758 | D:5      | Found a bloodstained altar of Trog.
  3768 | D:5      | Found a hazy altar of Hepliaklqana.
  3768 | D:5      | Found a hide-covered altar of Uskayaw.
  3929 | D:6      | Noticed Menkaure
  3937 | D:6      | Killed Menkaure
  4117 | D:6      | Reached skill level 10 in Axes
  4196 | D:6      | Found Ymu Edutz's Food Boutique.
  4768 | D:7      | Reached XP level 9. HP: 59/64 MP: 9/9
  4828 | D:7      | Reached skill level 11 in Axes
  4974 | D:7      | Found a radiant altar of Vehumet.
  5193 | D:7      | Found a staircase to the Ecumenical Temple.
  5385 | D:7      | Found a sparkling altar of Nemelex Xobeh.
  5478 | D:8      | Found a sand-covered staircase.
  5486 | Ossuary  | Entered an ossuary
  5517 | Ossuary  | Reached *** piety under Okawaru
  5521 | Ossuary  | Reached skill level 12 in Axes
  5676 | D:8      | Reached XP level 10. HP: 83/83 MP: 9/17
  6065 | D:8      | Gained mutation: You are weak. (Str -2) [potion of mutation]
  6065 | D:8      | Gained mutation: You are partially covered in iridescent scales. (AC +2) [potion of mutation]
  6065 | D:8      | Gained mutation: Your magical capacity is low. (-10% MP) [potion of mutation]
  6202 | D:8      | Found a staircase to the Lair.
  6497 | Lair:1   | Entered Level 1 of the Lair of Beasts
  6497 | Lair:1   | Noticed a seven-headed hydra
  6521 | Lair:1   | You fall through a shaft!
  6782 | Lair:2   | Noticed a spiny frog
  6792 | Lair:2   | Killed a spiny frog
  6792 | Lair:2   | Reached skill level 1 in Armour
  6825 | Lair:1   | Noticed a five-headed hydra
  6828 | Lair:1   | Noticed a spiny frog
  6834 | Lair:1   | Noticed Gastronok
  6912 | Lair:2   | Noticed a black mamba
  6922 | Lair:2   | You fall through a shaft!
  7158 | Lair:3   | Noticed a spiny frog
  7175 | Lair:3   | Killed a spiny frog
  7175 | Lair:3   | Reached **** piety under Okawaru
  7175 | Lair:3   | Reached XP level 11. HP: 46/90 MP: 16/16
  7708 | Lair:2   | Reached skill level 10 in Fighting
  7961 | Lair:2   | HP: 4/90 [spiny frog (12)]
  8784 | Lair:2   | Found a staircase to the Snake Pit.
  9074 | Lair:1   | Received a gift from Okawaru
  9074 | Lair:1   | Reached skill level 5 in Armour
  9074 | Lair:1   | Reached skill level 5 in Dodging
  9660 | Lair:3   | Impaled on a porcupine's spines

Skill      XL: |  1  2  3  4  5  6  7  8  9 10 11 |
---------------+----------------------------------+-----
Axes           | 4 5 6 7 8 10 12 | 12.4
Fighting       | 9 10 | 10.1
Invocations    | 9 |  9.7
Armour         | 1 6 |  6.0
Dodging        | 3 5 |  5.7
Stealth        | |  2.4

Action                   |  1- 3 |  4- 6 |  7- 9 | 10-12 || total
-------------------------+-------+-------+-------+-------++-------
Melee: Hand axe          |    99 |    87 |   388 |    31 ||   605
       Punch             |       |       |     1 |     1 ||     2
       Battleaxe         |       |       |       |   283 ||   283
Invok: Heroism           |       |       |     3 |     5 ||     8
 Abil: Dig               |       |     1 |     5 |     4 ||    10
       Shaft Self        |       |       |       |     2 ||     2
Evoke: Wand              |       |       |       |     3 ||     3
  Use: Scroll            |     3 |     6 |    10 |     6 ||    25
       Potion            |       |     2 |     4 |     6 ||    12
 Stab: Sleeping          |     4 |     1 |     4 |     1 ||    10
  Eat: Chunk             |     1 |     2 |    13 |    10 ||    26
       Royal jelly       |       |       |       |     2 ||     2
       Pizza             |       |       |       |     2 ||     2
Armor: Robe              |    13 |       |       |       ||    13
       Leather armour    |     8 |       |       |       ||     8
       Ring mail         |     5 |    25 |    47 |    84 ||   161
       Skin              |       |    11 |       |       ||    11
       Chain mail        |       |       |    68 |       ||    68
Dodge: Dodged            |    79 |    39 |   177 |   227 ||   522

Table legend:
 A = Turns spent in this place as a percentage of turns spent in the entire game.
 B = Non-inter-level travel turns spent in this place as a percentage of non-inter-level travel turns spent in the entire game.
 C = Inter-level travel turns spent in this place as a percentage of turns spent in this place.
 D = Turns resting spent in this place as a percentage of non-inter-level travel turns spent in this place.
 E = Turns spent auto-exploring this place as a percentage of non-inter-level travel turns spent in this place.
 F = Non-inter-level travel turns spent in this place divided by the number of levels of this place that you've seen.
                   A       B       C       D       E      F
               +-------+-------+-------+-------+-------+----------------------
         Total | 100.0 | 100.0 |   0.5 |   3.4 |  11.6 | 225.2
       Dungeon |  62.3 |  62.3 |   0.6 |   1.6 |  14.9 | 228.0
          Lair |  27.6 |  27.6 |   0.6 |   8.9 |   4.7 | 269.0
         Sewer |   6.7 |   6.7 |   0.0 |   0.0 |   8.6 | 197.0
       Ossuary |   3.4 |   3.4 |   0.0 |   0.0 |  14.0 | 100.0
               +-------+-------+-------+-------+-------+----------------------

Table legend:
 A = Kills in this place as a percentage of kills in entire the game.
 B = Kills by you in this place as a percentage of kills by you in the entire game.
 C = Kills by friends in this place as a percentage of kills by friends in the entire game.
 D = Other kills in this place as a percentage of other kills in the entire game.
 E = Experience gained in this place as a percentage of experience gained in the entire game.
 F = Experience gained in this place divided by the number of levels of this place that you have seen.
                   A       B       C       D       E      F
               +-------+-------+-------+-------+-------+----------------------
         Total | 100.0 | 100.0 |  -nan |  -nan | 100.0 | 881.5
       Dungeon |  69.3 |  69.3 |  -nan |  -nan |  31.3 | 448.2
          Lair |  16.4 |  16.4 |  -nan |  -nan |  66.1 | 2524.3
         Sewer |   7.1 |   7.1 |  -nan |  -nan |   1.3 | 145.0
       Ossuary |   7.1 |   7.1 |  -nan |  -nan |   1.4 | 155.0
               +-------+-------+-------+-------+-------+----------------------

Vault maps used:
D:1:      wheals_arrival_shading, minmay_quantized
D:2:      first_bread, ecumenical_altar_1
D:4:      lemuel_round_altar
D:5:      minmay_overflow_temple_hex, gup_sewer_entry_spiral, basic_altar
D:6:      serial_shops, nicolae_shop_crystal, uniq_menkaure
D:7:      black_bear_nest_1, kennysheep_little_box,
          nemelex_xobeh_ov_fountains_minmay
D:8:      lair_0_dummy, enter_ossuary_3, grunt_ogre_cave
Lair:1:   portal_ice_cave_rime, serial_forest, infiniplex_forest_zigzag_1,
          infiniplex_forest_straight_1, infiniplex_forest_clump_large,
          infiniplex_forest_end_2, infiniplex_forest_lined_room_2,
          infiniplex_forest_straight_3, kb_xom_exploding_sheep, uniq_harold,
          uniq_gastronok
Lair:2:   minmay_snake_entry_guardpost_large, lab_entry_generic,
          lemuel_fruit_fields, serial_bayou_shore_a
Lair:3:   kennysheep_snail_temple, grunt_megastairs_4
Sewer:    sewer_co_15_rooms
Ossuary:  ossuary_tomb_3
